 Dungeon Crawl Stone Soup version 0.18-a0-1577-gf591c28 (webtiles) character file.

234 Kidiri the Magician (level 5, -1/30 HPs)
             Began as a Deep Elf Fire Elementalist on Mar 21, 2016.
             Slain by a gnoll
             ... wielding a +0 halberd
              (11 damage)
             ... on level 3 of the Dungeon.
             The game lasted 00:08:01 (2612 turns).

Kidiri the Magician (Deep Elf Fire Elementalist)    Turns: 2612, Time: 00:08:01

Health: -1/30      AC:  5    Str:  5    XL:     5   Next: 75%
Magic:  2/15       EV: 13    Int: 21    God:
Gold:   132        SH:  0    Dex: 15    Spells: 5 memorised, 2 levels left

rFire  . . .     SeeInvis .     e - +1 dagger
rCold  . . .     Gourm    .     a - +0 robe
rNeg   . . .     Faith    .     (no shield)
rPois  .         Spirit   .     (no helmet)
rElec  .         Dismiss  .     (no cloak)
rCorr  .         Reflect  .     (no gloves)
SustAt .         Harm     .     h - +2 pair of boots
MR     .....                    (no amulet)
Stlth  ++........               (no ring)
                                (no ring)

@: exhausted, slowed, very slow, not resistant to hostile enchantments,
unstealthy
A: no striking features
a: no special abilities


You were on level 3 of the Dungeon.
You were very hungry.

You visited 1 branch of the dungeon, and saw 3 of its levels.

You collected 132 gold pieces.

Inventory:

Hand Weapons
 e - a +1 dagger (weapon)
Missiles
 d - a throwing net (quivered)
Armour
 a - a +0 robe (worn)
 h - a +2 pair of boots (worn)
Scrolls
 f - a scroll of recharging
 m - a scroll of remove curse
Potions
 o - a potion of curing
Books
 b - a book of Flames

   Spells                             Type                      Level
   a - Flame Tongue                   Conjuration/Fire             1
   b - Throw Flame                    Conjuration/Fire             2
   c - Conjure Flame                  Conjuration/Fire             3
   d - Inner Flame                    Hexes/Fire                   3
   e - Sticky Flame                   Conjuration/Fire             4
   f - Fireball                       Conjuration/Fire             5
Comestibles
 c - a bread ration
 j - a meat ration


   Skills:
 + Level 1.8 Fighting
 + Level 3.0 Dodging
 - Level 2.4 Stealth
 * Level 5.5 Spellcasting
 + Level 2.3 Conjurations
 + Level 1.8 Hexes
 + Level 4.0 Fire Magic


You had 2 spell levels left.
You knew the following spells:

 Your Spells              Type           Power        Failure   Level  Hunger
a - Flame Tongue          Conj/Fire      ###..        2%          1    None
b - Throw Flame           Conj/Fire      ###...       4%          2    None
c - Conjure Flame         Conj/Fire      ###.....     10%         3    ##.....
d - Inner Flame           Hex/Fire       ###.....     12%         3    ##.....
e - Sticky Flame          Conj/Fire      ###.....     28%         4    ####...


Dungeon Overview and Level Annotations

Branches:
Dungeon (3/15)

Altars:


Message History

a club; a gnoll corpse The gnoll shouts!
You hit the gnoll.
The gnoll is lightly wounded.
You closely miss the gnoll.
The gnoll is lightly wounded.
The gnoll hits you with a halberd!
You closely miss the gnoll.
The gnoll is lightly wounded.
You are no longer berserk.
You are exhausted.
You feel yourself slow down.
You are feeling very hungry.
You hit the gnoll but do no damage.
The gnoll is lightly wounded.
The gnoll barely misses you.
You hit the gnoll.
The gnoll is lightly wounded.
The gnoll hits you with a halberd! x2
You die...

...........#..<....####**********
.......................,,,,,,,,,,
≈≈≈≈≈≈≈≈....≈≈≈≈≈≈≈≈≈≈≈≈≈≈≈≈≈≈≈,,
≈≈≈≈≈≈≈≈....≈≈≈≈≈≈≈≈≈≈≈≈≈≈≈≈≈≈≈,,
≈≈≈≈≈≈≈≈....≈≈≈≈≈≈≈≈≈≈≈≈*****≈≈,,
.......................,*,,,*≈≈,,
########''''#############,,,*≈≈,,
,*****##..gg#######)....#'***≈≈,,
,',,,,.'...ggggg@)'))...#,*,≈≈≈,,
,*****##....#######))...#,*,≈≈≈,,
*******##''##*****#######,*,≈≈≈,,
+,,,,,,...,,,,,,,,,',,,,',*,≈≈≈,,
+,,,,,...,,,,,,,,,,',,,,',*,≈≈≈,,
*,,,,,g.,,,,,,,,,,,******,*,≈≈≈,,
*,,,,,.,,,,,,,,,,,,*,,,,*,*,≈≈≈,,
*********''*********,,,,*,*,≈≈≈,,
',,,,,,,',,',,,,,,,+,,,,*+***≈≈,,


You could see a gnoll shaman and 6 gnolls.

Vanquished Creatures
  The ghost of MordorOrchid the Sneak, a weakling SpCK of Xom (D:3)
  2 adders (D:2)
  11 gnolls (D:3)
  An ooze (D:1)
  A dart slug (D:1)
  4 giant geckos
  3 ball pythons
  8 bats
  3 giant cockroaches
  2 goblins
  11 hobgoblins
  7 jackals
  A quokka (D:2)
  A giant newt (D:2)
  5 kobolds
  9 rats
70 creatures vanquished.

Notes
Turn   | Place    | Note
--------------------------------------------------------------
     0 | D:1      | Kidiri the Deep Elf Fire Elementalist began the quest for the Orb.
     0 | D:1      | Reached XP level 1. HP: 10/10 MP: 6/6
   211 | D:1      | Reached XP level 2. HP: 15/15 MP: 5/8
   327 | D:1      | Learned a level 2 spell: Throw Flame
   765 | D:1      | Reached XP level 3. HP: 19/19 MP: 5/10
   770 | D:1      | Learned a level 3 spell: Conjure Flame
   782 | D:1      | Learned a level 3 spell: Inner Flame
  1162 | D:2      | Reached skill level 4 in Spellcasting
  1413 | D:2      | Reached skill level 1 in Fighting
  1588 | D:2      | Reached XP level 4. HP: 25/25 MP: 7/12
  2306 | D:3      | Noticed MordorOrchid's ghost (weakling SpCK)
  2310 | D:3      | Killed MordorOrchid's ghost
  2310 | D:3      | Reached skill level 5 in Spellcasting
  2310 | D:3      | Reached skill level 1 in Hexes
  2310 | D:3      | Reached XP level 5. HP: 24/29 MP: 7/14
  2369 | D:3      | Learned a level 4 spell: Sticky Flame
  2612 | D:3      | Slain by a gnoll

Vault maps used:
D:1:      dpeg_arrival_brainrot, minmay_misc_feat_chi
D:2:      kennysheep_generic_room_3, uniq_crazy_yiuf_cottage
D:3:      lemuel_castle_with_subvaults, first_bread, uniq_natasha

Skill      XL: |  1  2  3  4  5 |
---------------+----------------+-----
Spellcasting   | 4 5 |  5.5
Fighting       | 1 |  1.8
Dodging        | 3 |  3.0
Conjurations   | 2 |  2.3
Hexes          | 1 |  1.8
Fire Magic     | 4 |  4.0
Stealth        | |  2.4

Action                   |  1- 3 |  4- 6 || total
-------------------------+-------+-------++-------
Melee: Unarmed           |     1 |       ||     1
       Dagger            |    10 |    17 ||    27
 Cast: Flame Tongue      |    59 |    53 ||   112
       Throw Flame       |    10 |     4 ||    14
       Conjure Flame     |       |     4 ||     4
       Inner Flame       |       |     2 ||     2
  Use: Scroll            |     8 |     3 ||    11
       Potion            |       |     4 ||     4
 Stab: Sleeping          |       |     1 ||     1
  Eat: Meat ration       |     1 |       ||     1
